 Dungeon Crawl Stone Soup version 0.22.1-2-g9c5b331383 (webtiles) character file.

133 Revguard the Ruffian (level 4, 0/40 HPs)
             Began as a Draconian Monk on Nov 26, 2018.
             Slain by an orc priest
             ... wielding a +2 dagger of draining
              (3 damage)
             ... on level 3 of the Dungeon.
             The game lasted 00:05:08 (1758 turns).

Revguard the Ruffian (Draconian Monk)               Turns: 1758, Time: 00:05:08

Health: 0/40       AC:  5    Str: 19    XL:     4   Next: 93%
Magic:  6/6        EV: 13    Int: 11    God:
Gold:   49         SH:  0    Dex: 13    Spells: 6/6 levels left

rFire    . . .     SeeInvis +     - Unarmed
rCold    . . .     Gourm    .   (no shield)
rNeg     . . .     Faith    .   (armour unavailable)
rPois    .         Spirit   .   (helmet restricted)
rElec    .         Reflect  .   (no cloak)
rCorr    .         Harm     .   (no gloves)
MR       .....                  (no boots)
Stlth    ++........             (no amulet)
HPRegen  0.13/turn              g - ring of see invisible
MPRegen  0.10/turn              (no ring)

@: mighty, drained
A: unfitting armour, cold-blooded, AC +5
a: no special abilities


You were on level 3 of the Dungeon.
You were hungry.

You visited 1 branch of the dungeon, and saw 3 of its levels.

You collected 49 gold pieces.

Inventory:

Jewellery
 g - a ring of see invisible (left hand)
Scrolls
 d - a scroll of immolation {unknown}
 e - a scroll of fear {unknown}
 f - 3 scrolls of remove curse {unknown}
 h - 4 scrolls of identify {unknown}
 j - a scroll of enchant weapon {unknown}
Potions
 b - a potion of might
 c - a potion of degeneration {unknown}
 i - a potion of curing {unknown}
Comestibles
 a - 4 rations


   Skills:
 + Level 3.9(3.6) Fighting
 + Level 3.3(3.0) Dodging
 - Level 1.7(1.4) Stealth
 + Level 4.2(3.9) Unarmed Combat
 * Level 1.7(1.4) Spellcasting


You had 6 spell levels left.
You didn't know any spells.
Your spell library was empty.

Dungeon Overview and Level Annotations

Branches:
Dungeon (3/15)

Altars:


Innate Abilities, Weirdness & Mutations

Your plain brown scales are hard. (AC +5)
You cannot fit into any form of body armour.
You are cold-blooded and may be slowed by cold attacks.


Message History

The orc is severely wounded.
The orc closely misses you.
You hit the orc.
You kill the orc!
You barely miss the orc. The orc closely misses you.
You punch the orc!
You kill the orc!
The orc priest shouts!
Items here: ( )) ?? † You hit the orc priest.
The orc priest is lightly wounded.
The orc priest calls down the wrath of Beogh upon you.
Beogh smites you!
* * * LOW HITPOINT WARNING * * *
It was a potion of might.
You feel very mighty all of a sudden.
The orc priest hits you with a dagger of draining.
* * * LOW HITPOINT WARNING * * *
You feel drained.
You die...

#.#..(....##
##.##
##...()## #.#
###.((## #.# #
#.##'## #.#
##.#### #.#.#
#.. .......
#..# #..
#.....## ##.##
#..###o..####
#.#@#....r....
#.##o#...####.
.. ####.## ###
###


You could see an orc priest.

Vanquished Creatures
  Natasha (thrice) (D:2)
  An adder (D:2)
  An ooze (D:2)
  A dart slug (D:1)
  2 leopard geckos
  2 orcs (D:3)
  2 giant cockroaches
  3 goblins
  9 hobgoblins
  3 bats
  3 frilled lizards (D:1)
  5 kobolds
  5 rats
40 creatures vanquished.

Notes
Turn   | Place    | Note
-------+----------+-------------------------------------------
     0 | D:1      | Revguard the Draconian Monk began the quest for the Orb.
     0 | D:1      | Reached XP level 1. HP: 19/19 MP: 1/1
    74 | D:1      | Reached XP level 2. HP: 5/26 MP: 2/2
  1034 | D:2      | Reached skill level 1 in Spellcasting
  1034 | D:2      | Reached XP level 3. HP: 28/33 MP: 4/4
  1208 | D:2      | Noticed Natasha
  1214 | D:2      | Killed Natasha
  1214 | D:2      | Reached XP level 4. HP: 35/40 MP: 4/6
  1335 | D:2      | Noticed Natasha
  1352 | D:2      | Killed Natasha
  1352 | D:2      | Reached skill level 4 in Unarmed Combat
  1524 | D:2      | Noticed Natasha
  1535 | D:2      | Killed Natasha
  1758 | D:3      | Slain by an orc priest

Skill      XL: |  1  2  3  4 |
---------------+-------------+-----
Dodging        | 3 |  3.3
Spellcasting   | 1 |  1.7
Unarmed Combat | 4 |  4.2
Fighting       | |  3.9
Stealth        | |  1.7

Action                   |  1- 3 |  4- 6 || total
-------------------------+-------+-------++-------
Melee: Unarmed           |   102 |    40 ||   142
       Tailslap          |    10 |     5 ||    15
       Punch             |     1 |       ||     1
  Use: Potion            |       |     1 ||     1
 Stab: Sleeping          |     4 |       ||     4
  Eat: Chunk             |       |     2 ||     2
Armor: Skin              |    24 |     4 ||    28
Dodge: Dodged            |    54 |    23 ||    77
